 Dungeon Crawl Stone Soup version 0.24.0-13-gcf9b319 (webtiles) character file.

Game seed: 9564833932010298923, levelgen mode: deterministic

95 Fortress the Chucker (level 4, 0/48 HPs)
             Began as an Ogre Hunter on Jan 4, 2020.
             Succumbed to an adder's poison
             ... on level 2 of the Dungeon.
             The game lasted 00:06:07 (1352 turns).

Fortress the Chucker (Ogre Hunter)                  Turns: 1352, Time: 00:06:07

Health: 0/48       AC:  3    Str: 17    XL:     4   Next: 65%
Magic:  4/4        EV:  5    Int: 12    God:
Gold:   58         SH: 11    Dex:  9    Spells: 3/3 levels left

rFire    . . .     SeeInvis .   a - +0 short sword
rCold    . . .     Gourm    .   h - +0 large shield
rNeg     . . .     Faith    .   b - +0 robe
rPois    .         Spirit   .   (helmet restricted)
rElec    .         Reflect  .   (no cloak)
rCorr    .         Harm     .   (gloves unavailable)
MR       .....                  (boots unavailable)
Stlth    +.........             (no amulet)
HPRegen  0.16/turn              (no ring)
MPRegen  0.09/turn              (no ring)

@: lethally poisoned (0 -> -8), flying
A: large, unfitting armour, tough skin 1
a: no special abilities


You were on level 2 of the Dungeon.
You were not hungry.

You visited 1 branch of the dungeon, and saw 2 of its levels.

You collected 58 gold pieces.

Inventory:

Hand Weapons
 a - a +0 short sword (weapon)
Missiles
 d - 2 throwing nets (quivered)
 f - 15 poisoned darts
Armour
 b - a +0 robe (worn)
 h - a +0 large shield (worn)
Scrolls
 e - 4 scrolls of identify {unknown}
Comestibles
 i - a ration


   Skills:
 * Level 3.8 Fighting
 + Level 5.2 Throwing
 - Level 2.0 Dodging
 - Level 0.6 Stealth
 + Level 0.8 Shields


You had 3 spell levels left.
You didn't know any spells.
Your spell library was empty.

Dungeon Overview and Level Annotations

Branches:
Dungeon (2/15)

Altars:
Gozag


Innate Abilities, Weirdness & Mutations

You are too large for most types of armour.
You have tough skin. (AC +1)


Message History

Aim: an adder You throw a large rock.
The large rock closely misses the adder.
You feel sick. You block the adder's attack. The adder bites you.
* * * LOW HITPOINT WARNING * * *
You are more poisoned.
The adder poisons you!
It was a potion of flight.
You feel very buoyant.
You fly up into the air.
* * * LOW HITPOINT WARNING * * *
You feel sick. You block the adder's attack.
The adder bites you but does no damage.
* * * LOW HITPOINT WARNING * * *
You feel sick.
* * * LOW HITPOINT WARNING * * *
You feel sick.
* * * LOW HITPOINT WARNING * * *
You feel sick.
You die...

#......##.# ##.##
####.#.##.# #...# ##.#.##.#
#...#### ##### ##.......#
#....... .....
#........####....### ......
#..##.#............. ......#
#............>......
<......##..#.##.............
(........S.@.##..####.†..###
##....(##........# #..[....
##=..# ##.####### #...####
#(.(. #.# #)..## #.## #.#
#.†..# .. ..# #(...# # ###
##.#..# ########.###.#
#.....<.## #..


You could see an adder.

Vanquished Creatures
  A howler monkey (D:2)
  A gnoll (D:1)
  An adder (D:2)
  3 dart slugs
  A ball python (D:2)
  A giant cockroach (D:2)
  4 goblins (D:1)
  2 hobgoblins (D:2)
  3 jackals (D:1)
  6 kobolds
  2 bats (D:1)
  2 frilled lizards (D:1)
  4 rats (D:1)
31 creatures vanquished.

Notes
Turn   | Place    | Note
-------+----------+-------------------------------------------
     0 | D:1      | Fortress the Ogre Hunter began the quest for the Orb.
     0 | D:1      | Reached XP level 1. HP: 22/22 MP: 1/1
   129 | D:1      | Reached XP level 2. HP: 29/29 MP: 2/2
   184 | D:1      | Found an opulent altar of Gozag.
   549 | D:1      | Reached XP level 3. HP: 36/37 MP: 3/3
  1252 | D:2      | Reached skill level 5 in Throwing
  1252 | D:2      | Reached XP level 4. HP: 46/46 MP: 4/4
  1350 | D:2      | HP: 2/48 [poisoned by an adder]
  1352 | D:2      | Succumbed to an adder's poison

Levels and vault maps discovered:
D:1:      dpeg_arrival_rooms_c, layout_basic, kennysheep_small_spiral,
          kennysheep_flooded_box
D:2:      layout_loops_cross, minivault_26, trog_three_pillars_becter

Skill      XL: |  1  2  3 |
---------------+----------+-----
Fighting       | 3 |  3.8
Dodging        | 2 |  2.0
Throwing       | 5 |  5.2
Stealth        | |  0.6
Shields        | |  0.8

Action                   |  1- 3 |  4- 6 || total
-------------------------+-------+-------++-------
Melee: Short sword       |    76 |    14 ||    90
Throw: Large rock        |    14 |     9 ||    23
  Use: Potion            |       |     1 ||     1
 Stab: Sleeping          |     1 |       ||     1
  Eat: Ration            |     1 |       ||     1
Armor: Robe              |    24 |     5 ||    29
Dodge: Dodged            |    29 |     2 ||    31
Block: Large shield      |    37 |     9 ||    46
